 Dungeon Sprint DCSS version 0.27.1-33-g824d729ab1 (webtiles) character file.

Game seed: 1447773577443349300

310 manyhoops the Summoner (level 6, -9/48 HPs)
             Began as a Deep Elf Summoner on Dec 7, 2021.
             Was an Initiate of Sif Muna.
             Mangled by Sonja (17 damage)
             ... in the Dungeon (Sprint I: "Red Sonja").
             The game lasted 00:02:35 (878 turns).

manyhoops the Summoner (Deep Elf Summoner)           Turns: 878, Time: 00:02:37

Health: -9/48      AC:  2    Str:  5    XL:     6   Next: 17%
Magic:  19/21      EV: 12    Int: 22    God:    Sif Muna [......]
Gold:   445        SH:  0    Dex: 15    Spells: 20/26 levels left

rFire    . . .     SeeInvis .   (no weapon)
rCold    . . .     Faith    .   (no shield)
rNeg     . . .     Spirit   .   a - +0 robe
rPois    .         Reflect  .   (no helmet)
rElec    .         Harm     .   (no cloak)
rCorr    .         Rampage  .   (no gloves)
Will     .....     NoTele   +   (no boots)
Stlth    ..........             (no amulet)
HPRegen  0.16/turn              (no ring)
MPRegen  0.17/turn              (no ring)

@: berserking, very quick
A: no striking features
a: Renounce Religion


You were in the Dungeon.
You worshipped Sif Muna.
Sif Muna was noncommittal.
You visited 1 branch You collected 445 gold pieces.

Inventory:

Armour
 a - a +0 robe (worn)
Scrolls
 g - a scroll of blinking
 h - a scroll of torment {unknown}
Potions
 b - a potion of curing
 c - a potion of heal wounds
 d - a potion of haste
 e - 2 potions of magic


   Skills:
 - Level 2.4 Dodging
 - Level 2.4 Stealth
 + Level 10.8 Spellcasting
 + Level 11.8 Summonings


You had 20 spell levels left.
You knew the following spells:

 Your Spells              Type           Power      Damage    Failure   Level
a - Summon Small Mammal   Summ           100%       N/A       1%          1
b - Call Imp              Summ           59%        N/A       1%          2
c - Call Canine Familiar  Summ           59%        N/A       1%          3

Your spell library contained the following spells:

 Spells                   Type           Power      Damage    Failure   Level
 Summon Guardian Golem    Hex/Summ       37%        N/A       1%          3
 Summon Lightning Spire   Summ/Air       37%        N/A       4%          4


Dungeon Overview and Level Annotations

Branches:
Dungeon (1/1)

Altars:
Cheibriados
Dithmenos
Elyvilon
Fedhas
Gozag
Hepliaklqana
Kikubaaqudgha
Makhleb
Nemelex Xobeh
Okawaru
Qazlal
Ru
Sif Muna
Trog
Uskayaw
Vehumet
Wu Jian
Xom
Yredelemnul
Zin
The Shining One
Jiyva
Lugonu

Shops:
D (

Annotations:
D Sonja


Message History

Sonja shouts!
Sonja mumbles some strange words.
Sonja blinks!
There is an open door here.
Casting: Call Imp (safe; 1% risk of failure)
Confirm with . or Enter, or press ? or * to list all spells.
You swap places.
Sonja hits your white imp with a +2 short sword of distortion!
Space warps horribly around your white imp!
Your white imp dies!
Your white imp disappears in a puff of smoke!
Your warg closely misses Sonja.
There is an open door here.
A red film seems to cover your vision as you go berserk!
You feel yourself moving faster!
You feel mighty!
Sonja casts a spell.
Sonja blinks!
You feel a strong urge to attack something.
Sonja mumbles some strange words.
Sonja blinks!
Found 54 gold pieces.
Your warg barely misses Sonja.
Sonja hits you with a +2 short sword of distortion.
Space bends around you.
Sonja hits you with a +2 short sword of distortion.
Space bends around you.
Sonja hits you with a +2 short sword of distortion.
You miss Sonja.
Your quokka bites Sonja but does no damage.
Your warg barely misses Sonja.
Sonja hits you with a +2 short sword of distortion. x2
* * * LOW HITPOINT WARNING * * *
Sonja completely misses you.
Unknown command.
Your quokka closely misses Sonja.
Your warg misses Sonja. Sonja misses you.
Sonja hits you with a +2 short sword of distortion.
* * * LOW HITPOINT WARNING * * *
Sonja hits you with a +2 short sword of distortion.
* * * LOW HITPOINT WARNING * * *
Space warps horribly around you!
You die...

##########################
#<.#..'.)#..'..#__#..+..K#
#..)..#..'..#..'^.'..#
#..#####'#####'#__####
#..####..#...#.####
#.)#__####..##.#
#..#_____##'#_.+
#⌠⌠#_.∩...'..@_#
####_..__##rK#'#
#_____###h#.# #######
#.### $.$ $.$# ##.## #+#


You could see Sonja (ally target), a friendly warg (summoned) and a friendly
quokka (summoned).

Vanquished Creatures (collateral kills)
  A slime creature (D)
  Sigmund (D)
  A yak (D)
  An ogre (D)
  A jelly (D)
  Ijyb (D)
6 creatures vanquished.

Notes
Turn   | Place    | Note
-------+----------+-------------------------------------------
     0 | D        | manyhoops the Deep Elf Summoner began the quest for the
                  | Orb.
     0 | D        | Reached XP level 1. HP: 10/10 MP: 6/6
     4 | D        | Noticed Ijyb
    29 | D        | Killed Ijyb
    30 | D        | Reached skill level 6 in Summonings
    30 | D        | Reached XP level 2. HP: 15/15 MP: 1/9
   114 | D        | Learned a level 2 spell: Call Imp
   115 | D        | Noticed an ogre
   133 | D        | Killed an ogre
   134 | D        | Reached skill level 5 in Spellcasting
   134 | D        | Reached skill level 8 in Summonings
   134 | D        | Reached XP level 3. HP: 19/19 MP: 1/12
   222 | D        | Learned a level 3 spell: Call Canine Familiar
   236 | D        | Noticed Sigmund
   249 | D        | Killed Sigmund
   250 | D        | Reached skill level 10 in Summonings
   250 | D        | Reached XP level 4. HP: 24/24 MP: 4/15
   342 | D        | Found an ornate altar of the Wu Jian Council.
   342 | D        | Found a shimmering blue altar of Sif Muna.
   344 | D        | Found a radiant altar of Vehumet.
   351 | D        | Reached XP level 5. HP: 28/28 MP: 12/17
   352 | D        | Became a worshipper of Sif Muna the Loreminder
   382 | D        | Found Roheegub's Weapon Emporium.
   382 | D        | Found an ancient bone altar of Kikubaaqudgha.
   382 | D        | Found a stormy altar of Qazlal.
   382 | D        | Found a blossoming altar of Fedhas.
   382 | D        | Found a bloodstained altar of Trog.
   382 | D        | Found an iron altar of Okawaru.
   382 | D        | Found a glowing golden altar of the Shining One.
   382 | D        | Found a glowing silver altar of Zin.
   382 | D        | Found a white marble altar of Elyvilon.
   382 | D        | Noticed a yak
   383 | D        | Found a hazy altar of Hepliaklqana.
   383 | D        | Found a hide-covered altar of Uskayaw.
   383 | D        | Found a sacrificial altar of Ru.
   399 | D        | Killed a yak
   400 | D        | Reached skill level 11 in Summonings
   588 | D        | Found a basalt altar of Yredelemnul.
   588 | D        | Found a snail-covered altar of Cheibriados.
   588 | D        | Found a shadowy altar of Dithmenos.
   589 | D        | Found an opulent altar of Gozag.
   590 | D        | Found a sparkling altar of Nemelex Xobeh.
   648 | D        | Found a burning altar of Makhleb.
   648 | D        | Found a viscous altar of Jiyva.
   648 | D        | Found a shimmering altar of Xom.
   648 | D        | Found a corrupted altar of Lugonu.
   648 | D        | Noticed a slime creature
   661 | D        | Killed a slime creature
   662 | D        | Reached skill level 10 in Spellcasting
   662 | D        | Reached XP level 6. HP: 32/32 MP: 7/21
   753 | D        | Noticed a kobold demonologist
   867 | D        | Noticed Sonja
   878 | D        | Mangled by Sonja

Illustrated notes

Levels and vault maps discovered:
D:        dungeon_sprint_1 [red_sonja_temple_1, red_sonja_temple_small_1]

Skill      XL: |  1  2  3  4  5 |
---------------+----------------+-----
Spellcasting   | 4 5 7 8 10 | 10.8
Summonings     | 6 8 10 11 | 11.8
Dodging        | |  2.4
Stealth        | |  2.4

Action                   |  1- 3 |  4- 6 || total
-------------------------+-------+-------++-------
Melee: Unarmed           |       |     1 ||     1
 Cast: Summon Small Mamm |    10 |     3 ||    13
       Call Imp          |     6 |     4 ||    10
       Call Canine Famil |     2 |     5 ||     7
  Use: Potion            |       |     1 ||     1
Dodge: Dodged            |     2 |     3 ||     5
